 Dungeon Crawl Stone Soup version 0.19.0-1-g5985abe (webtiles) character file.

13162 SaltIsReal the Grappler (level 11, -6/104 HPs)
             Began as a Troll Monk on Nov 2, 2016.
             Was a High Priest of Makhleb.
             Mangled by a stone giant (42 damage)
             ... on level 11 of the Dungeon.
             The game lasted 00:30:00 (9608 turns).

SaltIsReal the Grappler (Troll Monk)                Turns: 9608, Time: 00:30:01

Health: -6/104     AC: 13    Str: 21    XL:     11   Next: 72%
Magic:  15/15      EV: 11    Int:  6    God:    Makhleb [*****.]
Gold:   664        SH: 11    Dex: 15    Spells: 1 memorised, 8 levels left

rFire  . . .     SeeInvis .       - Unarmed
rCold  . . .     Gourm    +     T - +0 steam dragon scales
rNeg   . . .     Faith    .     t - +0 shield
rPois  .         Spirit   .     (helmet restricted)
rElec  .         Reflect  .     r - +1 cloak
rCorr  .         Harm     +     (gloves unavailable)
MR     .....                    (boots unavailable)
Stlth  ++........               c - amulet of harm
                                P - +3 ring of protection
                                y - ring of wizardry

@: very slightly contaminated, hasted, repel missiles, very quick
A: unfitting armour, claws 3, fast metabolism 3, gourmand, regeneration 1,
shaggy fur 1, tough skin 2
a: Minor Destruction, Lesser Servant of Makhleb, Major Destruction, Greater
Servant of Makhleb, Renounce Religion


You were on level 11 of the Dungeon.
You worshipped Makhleb.
Makhleb was extremely pleased with you.
You were very full.

You visited 2 branches of the dungeon, and saw 12 of its levels.

You collected 664 gold pieces.

Inventory:

Missiles
 C - 7 silver javelins (quivered)
 H - 4 large rocks
Armour
 a - a +0 robe
 r - a +1 cloak (worn)
 t - a +0 shield (worn)
 I - a +0 robe
 T - +0 steam dragon scales (worn)
Jewellery
 c - an amulet of harm (around neck)
 n - a +3 amulet of reflection {unknown}
 y - a ring of wizardry (left claw)
 P - a +3 ring of protection (right claw)
 S - an uncursed amulet of regeneration {unknown}
 W - an uncursed ring of fire
Wands
 o - a wand of iceblast (6/15)
 L - a wand of paralysis (17/24)
 U - a wand of disintegration (12/24)
 Y - a wand of digging (11/24)
 Z - a wand of flame (24/48)
Scrolls
 g - 4 scrolls of teleportation
 h - a scroll of magic mapping
 i - a scroll of fear
 v - 4 scrolls of remove curse
 w - 2 scrolls of enchant armour
 E - a scroll of enchant weapon {unknown}
 J - a scroll of recharging {unknown}
 K - 2 scrolls of amnesia
 M - a scroll of acquirement {unknown}
 V - a scroll of blinking
Potions
 d - 3 potions of curing
 e - 2 potions of lignification
 p - 3 potions of cancellation
 x - a potion of degeneration {unknown}
 z - a potion of flight {unknown}
 A - a potion of heal wounds
 D - 2 potions of brilliance
 F - 3 potions of magic
 G - a potion of ambrosia {unknown}
 N - a potion of might {unknown}
 O - a potion of cure mutation {unknown}
 R - a potion of mutation {unknown}
Books
 u - a book of Minor Magic

   Spells                             Type                      Level
   a - Magic Dart                     Conjuration                  1
   b - Blink                          Translocation                2
   c - Call Imp                       Summoning                    2
   d - Repel Missiles                 Charms/Air                   2
   e - Slow                           Hexes                        2
   f - Conjure Flame                  Conjuration/Fire             3
   g - Mephitic Cloud                 Conjuration/Poison/Air       3
 B - a book of Cantrips

   Spells                             Type                      Level
   a - Confusing Touch                Hexes                        1
   b - Animate Skeleton               Necromancy                   1
   c - Summon Small Mammal            Summoning                    1
   d - Apportation                    Translocation                1
Comestibles
 b - 5 bread rations
 f - 18 fruits
 j - a royal jelly
 l - 8 meat rations
 q - 6 beef jerkies
 Q - 6 slices of pizza


   Skills:
 + Level 5.4 Fighting
 - Level 2.4 Dodging
 - Level 1.0 Stealth
 - Level 9.2 Shields
 - Level 12.3 Unarmed Combat
 - Level 7.1 Invocations


You had 8 spell levels left.
You knew the following spells:

 Your Spells              Type           Power        Failure   Level  Hunger
a - Repel Missiles        Chrm/Air       #.....       43%         2    ###....


Dungeon Overview and Level Annotations

Branches:
Dungeon (11/15)            Temple (1/1) D:4            Lair (0/6) D:10
    Orc (0/2) D:9

Altars:
Ashenzari
Cheibriados
Dithmenos
Makhleb
Vehumet

Shops:
D:10 =

Annotations:
D:9 1 runed door


Innate Abilities, Weirdness & Mutations

You are too large for most types of armour.
You have claws for hands.
Your metabolism is lightning-fast.
You like to eat raw meat.
Your natural rate of healing is unusually fast.
You are covered in fur. (AC +1)
You have very tough skin. (AC +2)


Message History

The stone giant misses you.
You claw the stone giant!
The stone giant is lightly wounded.
You barely miss the stone giant.
The stone giant is lightly wounded.
You block the stone giant's attack.
You scratch the stone giant but do no damage.
The stone giant is lightly wounded.
Your hellwing hits the skeletal warrior but does no damage. x2
Your smoke demon gestures at the stone giant.
The ball of steam hits the stone giant.
The stone giant hits you!!
You scratch the stone giant but do no damage.
The stone giant is lightly wounded.
You scratch the stone giant.
The stone giant is lightly wounded.
Your hellwing hits the skeletal warrior!
Your hellwing closely misses the skeletal warrior.
Your smoke demon gestures at the stone giant.
The ball of steam hits the stone giant.
The stone giant hits you!!
You die...

#......# *,,,***'#..
####......# *,,,,,,,#..
##≈≈#......# *,,,,,,,#'#
##≈≈≈≈.###### *,,,,,,##..
#######≈≈≈≈≈.# *,,,,,,#.T.
#............# *,,,,,##..4
#.#####≈≈≈≈≈######
*,,,###.... #.#
##≈.......3##########..4...
#.#
##≈.≈#####@Cz4..#.......)..
#.#
##≈≈.≈##≈≈#.####.F........#.
#.# #≈≈≈.≈#≈≈≈≈.#
###.......... #.#
#≈≈≈.≈≈≈≈≈≈.# #####......
#.####≈≈≈.≈≈≈≈≈≈.#*
*,,,###....
#.........≈≈≈≈≈≈.≈*
*,,,,,##C..
######≈≈≈≈≈≈≈≈≈≈.≈*
*,,,,,,*... ##≈≈≈≈≈≈≈≈≈.≈**
*,,,,,,*#.. ##≈≈≈≈≈≈≈≈.≈≈**
*,,,,,,,*'*


You could see a stone giant, a skeletal warrior, a bullfrog, a friendly hellwing
and a friendly smoke demon.

Vanquished Creatures
  An unseen horror (D:10)
  A hill giant (D:10)
  A deep elf mage (D:11)
  The ghost of Nicoed the Conjurer, a novice DECj (D:4)
  2 trolls
  A meliai (D:11)
  A two-headed ogre (D:9)
  Grinder (D:3)
  A dream sheep (D:8)
  Sigmund (D:2)
  4 wraiths
  A water elemental (D:11)
  2 wyverns (D:10)
  2 hungry ghosts (D:9)
  12 yaks
  A hill giant zombie (D:9)
  A steam dragon (D:9)
  2 water moccasins
  4 orc warriors
  A porcupine (D:10)
  2 black bears
  3 sky beasts
  An eye of draining (D:9)
  A necrophage (D:10)
  An ogre (D:6)
  7 phantoms
  A centaur (D:5)
  A crocodile (D:10)
  4 big kobolds
  4 bullfrogs
  A scorpion (D:4)
  A water moccasin zombie (D:5)
  A water moccasin skeleton (D:6)
  3 troll zombies (D:9)
  2 electric eels (D:11)
  2 bullfrog zombies
  A crimson imp (D:5)
  2 centaur zombies
  A quasit (D:11)
  3 hounds
  Crazy Yiuf (D:2)
  3 bullfrog skeletons
  2 gnoll shamans
  2 jellies
  6 orc wizards
  A hell rat (D:10)
  4 iguanas
  5 worker ants
  4 ogre zombies (D:9)
  2 hound skeletons
  2 worker ant zombies
  11 gnolls
  A howler monkey zombie (D:5)
  12 adders
  2 howler monkey skeletons
  2 river rats (D:10)
  3 shadow imps
  6 worms
  2 dart slugs
  2 leopard geckos
  25 orcs
  A ball python (D:6)
  4 bats
  4 giant cockroaches
  6 goblins
  4 hobgoblins
  12 jackals
  5 quokkas
  4 frilled lizards
  2 goblin zombies (D:9)
  A hobgoblin skeleton (D:9)
  16 kobolds
  An orc skeleton (D:9)
  21 orc zombies (D:9)
  A quokka skeleton (D:10)
  13 rats
276 creatures vanquished.

Vanquished Creatures (collateral kills)
  A deep elf high priest (D:11)
  Josephine (D:10)
  A hydra (D:8)
  A deep troll earth mage (D:11)
  A hill giant (D:10)
  A dream sheep (D:8)
  2 yaks (D:10)
  A water elemental (D:11)
  A steam dragon (D:9)
  2 big kobolds (D:8)
12 creatures vanquished.

Vanquished Creatures (others)
  A worker ant (D:9)
  A shadow imp (D:9)
2 creatures vanquished.

Grand Total: 290 creatures vanquished

Notes
Turn   | Place    | Note
-------+----------+-------------------------------------------
     0 | D:1      | SaltIsReal the Troll Monk began the quest for the Orb.
     0 | D:1      | Reached XP level 1. HP: 22/22 MP: 0/0
   139 | D:1      | Reached XP level 2. HP: 28/29 MP: 1/1
   578 | D:2      | Reached skill level 4 in Unarmed Combat
   855 | D:2      | Reached XP level 3. HP: 36/36 MP: 2/2
  1005 | D:2      | Noticed Sigmund
  1027 | D:2      | Killed Sigmund
  1027 | D:2      | Reached skill level 6 in Unarmed Combat
  1027 | D:2      | Reached XP level 4. HP: 20/44 MP: 3/3
  1027 | D:2      | Reached XP level 5. HP: 22/50 MP: 4/4
  1176 | D:2      | Found a runed door.
  1180 | D:2      | Noticed Crazy Yiuf
  1185 | D:2      | Killed Crazy Yiuf
  1498 | D:3      | Reached XP level 6. HP: 55/59 MP: 5/5
  1610 | D:3      | Noticed Grinder
  1616 | D:3      | Killed Grinder
  1964 | D:3      | Reached XP level 7. HP: 50/66 MP: 6/6
  2038 | D:4      | Found a staircase to the Ecumenical Temple.
  2038 | D:4      | Noticed Nicoed's ghost (novice DECj)
  2048 | D:4      | Killed Nicoed's ghost
  2053 | Temple   | Entered the Ecumenical Temple
  2073 | Temple   | Became a worshipper of Makhleb the Destroyer
  2073 | Temple   | Reached * piety under Makhleb
  2073 | Temple   | Reached ** piety under Makhleb
  2124 | D:4      | Reached skill level 5 in Shields
  2683 | D:4      | Reached XP level 8. HP: 71/74 MP: 7/7
  2944 | D:5      | Entered Level 5 of the Dungeon
  3830 | D:6      | Reached *** piety under Makhleb
  4324 | D:6      | Reached XP level 9. HP: 79/80 MP: 8/8
  5042 | D:7      | Reached skill level 1 in Invocations
  5498 | D:7      | Reached **** piety under Makhleb
  5741 | D:8      | Found a shadowy altar of Dithmenos.
  5775 | D:8      | Learned a level 2 spell: Repel Missiles
  6269 | D:8      | Reached skill level 5 in Invocations
  6419 | D:8      | Noticed a three-headed hydra
  6428 | D:8      | Killed a three-headed hydra
  6428 | D:8      | Reached XP level 10. HP: 67/88 MP: 13/13
  6637 | D:9      | Found a staircase to the Orcish Mines.
  6849 | D:9      | Reached skill level 7 in Unarmed Combat
  7266 | D:9      | Reached skill level 8 in Unarmed Combat
  7336 | D:9      | Found a runed door.
  7336 | D:9      | Noticed a sixfirhy
  7488 | D:9      | Reached skill level 9 in Unarmed Combat
  7622 | D:9      | Reached ***** piety under Makhleb
  7662 | D:9      | Reached skill level 10 in Unarmed Combat
  7972 | D:10     | Entered Level 10 of the Dungeon
  7976 | D:10     | Found Dot Nohuhei's Jewellery Shoppe.
  8103 | D:10     | Killed an unseen horror
  8103 | D:10     | Reached XP level 11. HP: 79/94 MP: 15/15
  8121 | D:10     | Found a staircase to the Lair.
  8129 | D:10     | Noticed a hill giant
  8164 | D:10     | Killed a hill giant
  8164 | D:10     | Reached skill level 11 in Unarmed Combat
  8179 | D:10     | Noticed Josephine
  8195 | D:10     | HP: 4/94 [wraith[Josephine] (3)]
  8197 | D:10     | Killed Josephine
  8374 | D:10     | Reached skill level 12 in Unarmed Combat
  8436 | D:10     | Noticed a hill giant
  8458 | D:10     | Killed a hill giant
  8988 | D:11     | Noticed a deep elf mage
  9011 | D:11     | Killed a deep elf mage
  9566 | D:11     | Noticed a deep troll earth mage
  9568 | D:11     | Noticed a deep elf high priest
  9570 | D:11     | Noticed a skeletal warrior
  9577 | D:11     | Noticed a stone giant
  9580 | D:11     | Killed a deep elf high priest
  9587 | D:11     | Killed a deep troll earth mage
  9587 | D:11     | Reached skill level 5 in Fighting
  9608 | D:11     | Mangled by a stone giant

Skill      XL: |  1  2  3  4  5  6  7  8  9 10 11 |
---------------+----------------------------------+-----
Unarmed Combat | 4 6 10 12 | 12.3
Shields        | 3 5 8 9 |  9.2
Invocations    | 6 7 |  7.1
Fighting       | 5 |  5.4
Dodging        | |  2.4
Stealth        | |  1.0

Action                   |  1- 3 |  4- 6 |  7- 9 | 10-12 || total
-------------------------+-------+-------+-------+-------++-------
Melee: Unarmed           |    76 |    69 |   374 |   405 ||   924
       Punch             |     1 |     1 |       |       ||     2
 Cast: Repel Missiles    |       |       |     1 |     1 ||     2
Invok: Lesser Servant of |       |       |     4 |     8 ||    12
  Use: Scroll            |     4 |     2 |     4 |     7 ||    17
       Potion            |       |       |     1 |     3 ||     4
 Stab: Sleeping          |     2 |     1 |     3 |     1 ||     7
       Distracted        |       |       |       |     2 ||     2
  Eat: Chunk             |    15 |     8 |    41 |    33 ||    97
Armor: Robe              |    24 |    17 |    74 |    16 ||   131
       Steam dragon scal |       |       |       |    73 ||    73
Dodge: Dodged            |    29 |    21 |   102 |    92 ||   244
       Deflected         |       |       |       |     2 ||     2
Block: Shield            |       |     8 |   165 |   133 ||   306
